 Dungeon Crawl Stone Soup version 0.26.1-11-gd32895ea62 (webtiles) character file.

Game seed: 9776934723206725666

667 SturgillTurtle the Chopper (level 7, -21/61 HPs)
             Began as a Gargoyle Berserker on July 6, 2021.
             Was a Priest of Trog.
             Blown up by a gnoll (33 damage)
             ... with a disintegration bolt
             ... on level 4 of the Dungeon.
             The game lasted 00:07:46 (3614 turns).

SturgillTurtle the Chopper (Gargoyle Berserker)     Turns: 3614, Time: 00:07:46

Health: -21/61     AC: 16    Str: 23    XL:     7   Next: 57%
Magic:  7/7        EV:  8    Int:  7    God:    Trog [***...]
Gold:   157        SH:  0    Dex:  9    Spells: 6/6 levels left

rFire    . . .     SeeInvis .   r - +0 war axe
rCold    . . .     Faith    .   (no shield)
rNeg     + . .     Spirit   .   k - +0 chain mail
rPois    ∞         Reflect  .   l - +1 helmet
rElec    +         Harm     .   d - +0 cloak
rCorr    .         Rampage  .   (no gloves)
Will     .....                  (no boots)
Stlth    ..........             (no amulet)
HPRegen  0.20/turn              j - ring of wizardry
MPRegen  0.10/turn              (no ring)

@: berserking, very quick
A: negative energy resistance 1, electricity resistance, unbreathing,
petrification resistance, miasma immunity, AC +4
a: Renounce Religion, Berserk, Trog's Hand


You were on level 4 of the Dungeon.
You worshipped Trog.
Trog was most pleased with you.
You visited 1 branch of the dungeon, and saw 4 of its levels.

You collected 157 gold pieces.

Inventory:

Hand Weapons
 r - a +0 war axe (weapon)
Armour
 d - a +0 cloak (worn)
 k - a +0 chain mail (worn)
 l - a +1 helmet (worn)
Jewellery
 j - a ring of wizardry (left hand)
Scrolls
 a - a scroll of fear
 c - a scroll of identify
 e - 5 scrolls of remove curse
 h - a scroll of magic mapping
 m - a scroll of amnesia
Potions
 b - a potion of lignification {unknown}
 g - 2 potions of heal wounds
 n - a potion of haste {unknown}
 q - 2 potions of mutation {unknown}


   Skills:
 - Level 3.2 Fighting
 * Level 7.9 Axes
 - Level 2.1 Armour
 - Level 1.5 Dodging


You had 6 spell levels left.
You didn't know any spells.
Your spell library was empty.

Dungeon Overview and Level Annotations

Branches:
Dungeon (4/15)
 Temple: D:4-7

Altars:
Trog

Annotations:
D:4 1 transporter, Alvadar's ghost, amateur DEFE


Innate Abilities, Weirdness & Mutations

You are resistant to torment.
Your stone body is resilient. (AC +4)
You are immune to poison.
You resist negative energy. (rN+)
You are resistant to electric shocks. (rElec)
You can survive without breathing.
You are immune to petrification.
You are immune to miasma.


Message History

The gnoll sergeant hits you but does no damage.
There is an open translucent door, spattered with blood here.
Things that are here:
a +0 spear; a scroll of amnesia You are too injured to fight recklessly!
You are too injured to fight recklessly!
A red film seems to cover your vision as you go berserk!
You feel yourself moving faster!
You feel mighty!
The gnoll sergeant hits you with a +2 vampiric trident.
* * * LOW HITPOINT WARNING * * *
You hit the gnoll sergeant.
The gnoll sergeant is lightly wounded.
The gnoll sergeant hits you but does no damage.
The gnoll sergeant blocks your attack.
The gnoll sergeant is lightly wounded.
The gnoll sergeant blocks your attack.
The gnoll sergeant is lightly wounded.
The gnoll sergeant barely misses you.
The gnoll zaps a wand.
You are blasted!
Ouch! That really hurt!
You die...

#...≈≈#####...........#####≈≈....
#.#.≈≈#.#g#.###.©.###.#g#.#≈≈....
#...≈≈#...###g#####g###...#≈≈....
#)#.≈≈###...............###≈≈....
))..≈≈.8#.######'######.#8.≈≈....
)...≈≈.##.#..W#8..#.⌠.#.##.≈≈....
....≈≈.#..'..:#⌠g.g...'.g#.≈≈.#+#
....≈≈.##.#...#8..#.⌠.#.##.≈≈.#.#
....≈≈.8# ######@######.#8.≈≈.#.#
#.#.≈≈###......g........###≈≈.#.#
#...≈≈#...###.#####.###...#≈≈.(.#
#.#.≈≈#.#.#.###.©.###.#.#.#≈≈...#
#...≈≈#####...........#####≈≈...#
#.#.≈≈≈≈≈≈≈≈≈≈≈≈≈≈≈≈≈≈≈≈≈≈≈≈≈...#
#...≈≈≈≈≈≈≈≈≈≈≈≈≈≈≈≈≈≈≈≈≈≈≈≈≈.#.#
.................................
#...............####..#..#.####.#


You could see a gnoll sergeant and 2 gnolls.

Vanquished Creatures
  Grinder (D:4)
  A water moccasin (D:3)
  2 orc priests (D:4)
  An iguana (D:4)
  2 orc wizards (D:4)
  A worker ant (D:4)
  4 adders
  5 gnolls
  3 oozes
  A worm (D:2)
  A dart slug (D:1)
  5 leopard geckos
  18 orcs
  11 bats
  A giant cockroach (D:1)
  6 goblins
  9 hobgoblins
  2 jackals (D:3)
  4 quokkas
  A ball python (D:1)
  9 frilled lizards
  A jackal skeleton (D:4)
  8 kobolds
  8 rats
105 creatures vanquished.

Vanquished Creatures (others)
  6 plants (D:4)
6 creatures vanquished.

Grand Total: 111 creatures vanquished

Notes
Turn   | Place    | Note
-------+----------+-------------------------------------------
     0 | D:1      | SturgillTurtle the Gargoyle Berserker began the quest for
                  | the Orb.
     0 | D:1      | Reached XP level 1. HP: 14/14 MP: 1/1
    86 | D:1      | Reached skill level 3 in Axes
    95 | D:1      | Reached XP level 2. HP: 19/19 MP: 2/2
   445 | D:1      | Reached XP level 3. HP: 23/23 MP: 3/3
   620 | D:1      | Reached skill level 4 in Axes
   735 | D:1      | Reached ** piety under Trog
  1277 | D:2      | Reached XP level 4. HP: 28/28 MP: 4/4
  1651 | D:2      | Reached skill level 5 in Axes
  1689 | D:2      | Reached XP level 5. HP: 28/32 MP: 5/5
  1786 | D:2      | Found a bloodstained altar of Trog.
  2394 | D:3      | Reached *** piety under Trog
  2511 | D:3      | Noticed a water moccasin
  2526 | D:3      | Killed a water moccasin
  2527 | D:3      | Reached skill level 6 in Axes
  2527 | D:3      | Reached XP level 6. HP: 20/37 MP: 6/6
  3138 | D:4      | Noticed Grinder
  3145 | D:4      | Paralysed by Grinder for 3 turns
  3154 | D:4      | Paralysed by Grinder for 6 turns
  3162 | D:4      | Killed Grinder
  3163 | D:4      | Reached skill level 7 in Axes
  3163 | D:4      | Reached XP level 7. HP: 27/41 MP: 7/7
  3491 | D:4      | Identified the +2 ring mail "Ujezyff" {rF+}
  3520 | D:4      | Found a transporter.
  3526 | D:4      | Found a transporter.
  3529 | D:4      | Noticed Alvadar's ghost (amateur DEFE)
  3614 | D:4      | Blown up by a gnoll

Illustrated notes

Levels and vault maps discovered:
D:1:      dpeg_cavernosity, layout_basic, dk_noncrumbling_2
D:2:      layout_loops_cross, trog_three_pillars_becter
D:3:      layout_basic
D:4:      layout_basic, gammafunk_ghost_gnarly_gnolls, uniq_grinder

Skill      XL: |  1  2  3  4  5  6 |
---------------+-------------------+-----
Axes           | 3 4 5 6 7 |  7.9
Fighting       | |  3.2
Armour         | |  2.1
Dodging        | |  1.5

Action                   |  1- 3 |  4- 6 |  7- 9 || total
-------------------------+-------+-------+-------++-------
Melee: Hand axe          |    86 |   110 |       ||   196
       War axe           |       |    65 |    30 ||    95
Invok: Berserk           |     1 |     1 |     1 ||     3
  Use: Scroll            |       |     8 |       ||     8
Armor: Animal skin       |    22 |       |       ||    22
       Chain mail        |    16 |   123 |    29 ||   168
Dodge: Dodged            |    61 |    60 |     9 ||   130
